[Event "Titled Tuesday Blitz April 19 Early 2022"]
[White "Vokarev, Sergey"]
[Black "Pires, Marcos Vinicius Torsani"]
[WhiteFideId "4119711"]
[BlackFideId "2118939"]
[WhiteElo "2343"]
[BlackElo "2273"]
[Result "1/2-1/2"]
[Round "07"]
[TimeControl "180+1"]
[Date "2022.04.19"]
[WhiteClock "0:00:12"]
[BlackClock "0:00:11"]

1. e4 c5 2. Nf3 g6 3. d4 cxd4 4. Qxd4 Nf6 5. Nc3 Nc6 6. Qa4 d6 7. e5 dxe5 8. Nxe5 Bd7 9. Nxd7 Qxd7 10. Bb5 Bg7 11. O-O O-O 12. Be3 a6 13. Be2 b5 14. Qh4 Qc7 15. Rad1 Rfd8 16. Bf3 Rac8 17. h3 Ne5 18. Be2 Nc4 19. Bxc4 bxc4 20. Rxd8+ Rxd8 21. Rd1 Rxd1+ 22. Nxd1 Nd5 23. Bd2 Bf6 24. Qe4 e6 25. b3 cxb3 26. axb3 Qc5 27. c4 Ne7 28. Bh6 Bg7 29. Bxg7 Kxg7 30. Qd3 e5 31. Nc3 Nc6 32. Qd5 Qb4 33. Ne4 Qb7 34. b4 Qc7 35. Nd6 Nxb4 36. Ne8+ Kf8 37. Nxc7 Nxd5 38. Nxd5 f5 39. Kf1 Kf7 40. Ke2 a5 41. Nc3 Ke6 42. Kd3 Kd6 43. Na4 Kc6 44. g3 h6 45. g4 h5 46. gxf5 gxf5 47. h4 Kd6 48. f3 Kc6 49. Kc3 Kd6 50. Nb2 Kc5 51. Nd3+ Kd6 52. Kb3 e4 53. fxe4 fxe4 54. Nf4 e3 55. Kc3 a4 56. Ne2 Kc5 57. Nc1 a3 58. Kb3 a2 59. Kxa2 Kxc4 60. Kb2 Kd4 61. Kc2 Ke4 62. Kd1 Kf3 63. Ke1 Kg3 64. Ke2 Kxh4 65. Kf3 Kg5 66. Ne2 h4 67. Kxe3 h3 68. Kf3 h2 69. Kg2 h1=Q+ 70. Kxh1 1/2-1/2


[Site "https://www.chess.com"]

[Event "Titled Tuesday Blitz April 19 Early 2022"]
[White "Warchol, Kamil"]
[Black "Zhurikhin, Alexander"]
[WhiteFideId "21858241"]
[BlackFideId "4139569"]
[WhiteElo "1910"]
[BlackElo "2204"]
[Result "0-1"]
[Round "07"]
[TimeControl "180+1"]
[Date "2022.04.19"]
[WhiteClock "0:00:34"]
[BlackClock "0:00:43"]

1. e4 c5 2. Nf3 d6 3. d4 cxd4 4. Nxd4 Nf6 5. Nc3 a6 6. f4 e5 7. Nf3 Nbd7 8. a4 Qc7 9. Bd3 Be7 10. O-O O-O 11. Qe1 Nc5 12. f5 b6 13. Bg5 Bb7 14. Rc1 Rfe8 15. b4 Ncd7 16. Nd1 d5 17. Nf2 dxe4 18. Nxe4 Bxe4 19. Bxe4 Nxe4 20. Qxe4 Bxg5 21. Nxg5 Nf6 22. Qe2 e4 23. c4 a5 24. Qb2 axb4 25. Qxb4 Ra5 26. Nh3 h6 27. Rc3 e3 28. Re1 Ng4 29. g3 Rxf5 30. c5 Nf2 31. Nf4 Rxf4 32. Qxf4 Nh3+ 0-1


[Site "https://www.chess.com"]

[Event "Titled Tuesday Blitz April 19 Early 2022"]
[White "Wieczorek, Oskar"]
[Black "Fromm, Marius"]
[WhiteFideId "1133950"]
[BlackFideId "12993190"]
[WhiteElo "2319"]
[BlackElo "2524"]
[Result "0-1"]
[Round "07"]
[TimeControl "180+1"]
[Date "2022.04.19"]
[WhiteClock "0:00:09"]
[BlackClock "0:00:02"]

1. e4 c5 2. Nf3 d6 3. d4 cxd4 4. Nxd4 Nf6 5. Nc3 a6 6. h4 e5 7. Nb3 h5 8. Bg5 Be6 9. Bxf6 Qxf6 10. Nd5 Qd8 11. Be2 g6 12. Qd3 Nd7 13. O-O-O Rc8 14. Kb1 Nc5 15. Nxc5 Rxc5 16. Qb3 b5 17. g3 Bg7 18. f4 exf4 19. gxf4 O-O 20. f5 Bxd5 21. Rxd5 Kh7 22. Rf1 Rxd5 23. Qxd5 Qxh4 24. e5 dxe5 25. Bd3 e4 26. Bxe4 Kh6 27. Rg1 Qf6 28. Qd2+ g5 29. c3 b4 30. Rh1 bxc3 31. Bf3 Qxf5+ 32. Qc2 Qxc2+ 33. Kxc2 h4 34. bxc3 Rc8 0-1


[Site "https://www.chess.com"]

[Event "Titled Tuesday Blitz April 19 Early 2022"]
[White "Xu, Yi"]
[Black "Matlakov, Maxim"]
[WhiteFideId "8605564"]
[BlackFideId "4168003"]
[WhiteElo "2471"]
[BlackElo "2669"]
[Result "1-0"]
[Round "07"]
[TimeControl "180+1"]
[Date "2022.04.19"]
[WhiteClock "0:00:49"]
[BlackClock "0:00:46"]

1. e4 e5 2. Nf3 Nc6 3. Bc4 Nf6 4. d3 h6 5. O-O d6 6. a4 g6 7. a5 a6 8. Nc3 Bg7 9. h3 O-O 10. Be3 Ne7 11. Re1 c5 12. Na4 Qxa5 13. b4 Qd8 14. bxc5 d5 15. Nb6 Rb8 16. exd5 Nfxd5 17. Qc1 Nxb6 18. cxb6 Kh7 19. Bc5 Re8 20. Qa3 Nc6 21. Bxf7 e4 22. dxe4 Bxa1 23. Qxa1 Re7 24. Qf6 Bf5 25. Bxe7 1-0


[Site "https://www.chess.com"]

[Event "Titled Tuesday Blitz April 19 Early 2022"]
[White "Yeletsky, Ivan"]
[Black "Pinheiro, Iung Alicio de O."]
[WhiteFideId "24180327"]
[BlackFideId "2104350"]
[WhiteElo "2319"]
[BlackElo "2556"]
[Result "0-1"]
[Round "07"]
[TimeControl "180+1"]
[Date "2022.04.19"]
[WhiteClock "0:00:04"]
[BlackClock "0:00:14"]

1. Nf3 c5 2. e4 Nc6 3. Bb5 e6 4. Bxc6 bxc6 5. h4 Ne7 6. h5 f6 7. Qe2 e5 8. d3 d6 9. c3 a5 10. Nh4 a4 11. O-O Be6 12. f4 exf4 13. Bxf4 Qd7 14. Nd2 Bg4 15. Qf2 Bxh5 16. Bg3 Bf7 17. d4 cxd4 18. cxd4 Ng6 19. Nf5 Be6 20. Rae1 Kf7 21. Ne3 d5 22. e5 Be7 23. exf6 Bxf6 24. Be5 Rhf8 25. Bxf6 Kg8 26. Qg3 Rxf6 27. Rxf6 gxf6 28. Nf3 Kh8 29. b3 axb3 30. axb3 Rg8 31. Qh2 Qg7 32. Rc1 Bd7 33. Ra1 Bc8 34. Qd6 Ne7 35. Ra7 Nf5 36. Qc5 Qg6 37. Qe7 Nxe3 38. Ng5 Qb1+ 39. Kh2 Ng4+ 40. Kg3 fxg5 41. Qe2 Qf5 0-1


[Site "https://www.chess.com"]

[Event "Titled Tuesday Blitz April 19 Early 2022"]
[White "Yurovskykh, Oleksandr"]
[Black "Lach, Aleksandra"]
[WhiteFideId "14134020"]
[BlackFideId "1134299"]
[WhiteElo "2292"]
[BlackElo "2172"]
[Result "1-0"]
[Round "07"]
[TimeControl "180+1"]
[Date "2022.04.19"]
[WhiteClock "0:00:15"]
[BlackClock "0:00:02"]

1. d4 f5 2. Nc3 Nf6 3. Bg5 d5 4. e3 e6 5. Nf3 Be7 6. Bd3 O-O 7. O-O Ne4 8. Bxe7 Qxe7 9. Ne2 Nd7 10. c4 c6 11. Qc2 Kh8 12. Rab1 e5 13. cxd5 cxd5 14. dxe5 Nxe5 15. Nxe5 Qxe5 16. f4 Qe7 17. Bxe4 dxe4 18. Nd4 Be6 19. b3 Rac8 20. Qb2 Rf6 21. Rbc1 Rd8 22. Rc3 Rg6 23. Qf2 a5 24. Rfc1 a4 25. bxa4 Bd7 26. Rc7 Qe8 27. a5 Ra8 28. Qe1 Rga6 29. R1c5 b6 30. Rd5 Bc8 31. Re5 Qg8 32. Qc3 bxa5 33. Ree7 Rg6 34. Nc6 Be6 35. Ne5 Rf6 36. h3 Rd8 37. Kh2 h6 38. Qxa5 Rd1 39. Qa7 Rf8 40. Rxg7 1-0


[Site "https://www.chess.com"]

[Event "Titled Tuesday Blitz April 19 Early 2022"]
[White "Zakhartsov, Vladimir"]
[Black "Svane, Rasmus"]
[WhiteFideId "4145097"]
[BlackFideId "4657101"]
[WhiteElo "2491"]
[BlackElo "2645"]
[Result "0-1"]
[Round "07"]
[TimeControl "180+1"]
[Date "2022.04.19"]
[WhiteClock "0:00:09"]
[BlackClock "0:00:15"]

1. d4 Nf6 2. c4 e6 3. Nc3 Bb4 4. e3 O-O 5. Nf3 Bxc3+ 6. bxc3 d6 7. Bd3 Re8 8. O-O Nc6 9. e4 e5 10. d5 Na5 11. Nd2 b6 12. Nb3 Nb7 13. a4 a5 14. Bg5 h6 15. Bh4 g5 16. Bg3 Bg4 17. Qd2 Nh5 18. f3 Bd7 19. Bf2 Ng7 20. g4 h5 21. h3 h4 22. Be3 f6 23. Bc2 Qe7 24. Kh2 Rf8 25. Rfb1 Ne8 26. Nc1 Nc5 27. Nd3 Rf7 28. Nxc5 dxc5 29. Bd3 Nd6 30. Kg2 Rff8 31. Ra2 Kg7 32. Raa1 Rfb8 33. Ra2 Qe8 34. Qc2 Rb7 35. Qd1 Rab8 36. Qc2 Qe7 37. Qd2 Be8 38. Qf2 Bd7 39. Qd2 Qe8 40. Qc2 Ra8 41. Qd1 Rbb8 42. Qc2 Rd8 43. Qd1 Rab8 44. Qc2 Qe7 45. Qd2 Rf8 46. Re1 Nf7 47. Bf1 Qd6 48. Bd3 Nh8 49. Bf1 Ng6 50. Kg1 Rfd8 51. Raa1 Re8 52. Ra2 Re7 53. Raa1 Rd8 54. Ra2 Nf4 55. Raa1 Bc8 56. Ra2 Ba6 57. Raa1 c6 58. Kh2 Red7 59. Rab1 Qc7 60. Qb2 cxd5 61. Qxb6 Qxb6 62. Rxb6 Bxc4 63. Bxc4 dxc4 64. Bxf4 gxf4 65. Rb5 Rd2+ 66. Kg1 Rc2 67. Rxa5 Rdd2 68. Rxc5 Rg2+ 69. Kf1 Rcf2# 0-1


[Site "https://www.chess.com"]

[Event "Titled Tuesday Blitz April 19 Early 2022"]
[White "Zanette, Edgard Vinicius"]
[Black "Aaditya Dhingra"]
[WhiteFideId "2109263"]
[BlackFideId "25678191"]
[WhiteElo "2182"]
[BlackElo "1849"]
[Result "0-1"]
[Round "07"]
[TimeControl "180+1"]
[Date "2022.04.19"]
[WhiteClock "0:00:12"]
[BlackClock "0:00:22"]

1. e4 c5 2. Nc3 Nc6 3. g3 g6 4. Bg2 Bg7 5. Nge2 e6 6. d3 Nge7 7. Be3 d6 8. d4 cxd4 9. Nxd4 a6 10. Qd2 O-O 11. Rd1 Qa5 12. Nb3 Qh5 13. O-O Ne5 14. Qxd6 Ng4 15. h4 Nxe3 16. fxe3 Nc6 17. Bf3 Qe5 18. Qxe5 Nxe5 19. Be2 b6 20. Rd6 Rb8 21. Rfd1 Re8 22. Na4 b5 23. Nac5 Ra8 24. Rd8 Kf8 25. Rxe8+ Kxe8 26. Na5 Bf8 27. Nab7 Bxb7 28. Nxb7 Rb8 29. Nd6+ Ke7 30. b3 Bh6 31. Kf2 Rd8 32. Nb7 Rc8 33. Rd2 Rc7 34. Na5 Rc3 0-1


[Site "https://www.chess.com"]

[Event "Titled Tuesday Blitz April 19 Early 2022"]
[White "Zemerov, Vladimir"]
[Black "Derraugh, Geordie"]
[WhiteFideId "4111583"]
[BlackFideId "2603950"]
[WhiteElo "2277"]
[BlackElo "2116"]
[Result "0-1"]
[Round "07"]
[TimeControl "180+1"]
[Date "2022.04.19"]
[WhiteClock "0:00:35"]
[BlackClock "0:01:20"]

1. d4 Nf6 2. c4 g6 3. Nc3 d5 4. Nf3 Bg7 5. e3 O-O 6. Qb3 dxc4 7. Bxc4 Nc6 8. Qc2 Bf5 9. e4 Bg4 10. d5 Bxf3 11. gxf3 Nd4 12. Qd3 c5 13. dxc6 bxc6 14. O-O e5 15. f4 Nh5 16. fxe5 Bxe5 17. f4 Bg7 18. e5 Nf5 19. Qxd8 Raxd8 20. Ne4 Rd4 21. Nd2 Ne3 22. Bb3 Nxf1 23. Nxf1 Nxf4 24. Be3 Re4 25. Bc2 Rxe3 26. Nxe3 Bxe5 27. Rd1 Bxb2 28. Rd7 c5 29. Bb3 Bd4 30. Kf2 Nd3+ 31. Kg2 Ne5 32. Re7 Nc6 33. Rc7 Na5 34. Nc2 Nxb3 35. axb3 Rb8 36. Rxa7 Rxb3 37. Nxd4 cxd4 38. Rd7 Rd3 39. Kf2 Rd2+ 40. Kg3 Kg7 0-1


[Site "https://www.chess.com"]

[Event "Titled Tuesday Blitz April 19 Early 2022"]
[White "Zhigalko, Sergei"]
[Black "Csonka, Balazs"]
[WhiteFideId "13502956"]
[BlackFideId "742910"]
[WhiteElo "2662"]
[BlackElo "2404"]
[Result "1-0"]
[Round "07"]
[TimeControl "180+1"]
[Date "2022.04.19"]
[WhiteClock "0:00:05"]
[BlackClock "0:00:03"]

1. e4 e6 2. d4 d5 3. e5 c5 4. c3 Nc6 5. Nf3 Bd7 6. Be2 Nge7 7. Na3 Nf5 8. Nc2 Rc8 9. O-O Be7 10. dxc5 Bxc5 11. Bd3 Nh4 12. Re1 Bb6 13. Bf4 Nxf3+ 14. Qxf3 O-O 15. Qh5 g6 16. Qh6 f5 17. Bg5 Qe8 18. Bf6 Rxf6 19. exf6 Qf8 20. Qxf8+ Rxf8 21. Bb5 Rxf6 22. Rad1 Kf8 23. c4 a6 24. Ba4 Ba5 25. Re2 b5 26. cxb5 Nd8 27. Nd4 Bb6 28. Rc2 Bxd4 29. Rxd4 axb5 30. Bb3 Nc6 31. Rd1 Ke7 32. Rc5 b4 33. Ba4 Kd6 34. Rdc1 Nd4 35. Bxd7 Ne2+ 36. Kf1 Nxc1 37. Rxc1 Kxd7 38. Rc5 e5 39. Rxd5+ Kc7 40. Rxe5 Ra6 41. Rc5+ Kd6 42. Rb5 Rxa2 43. Rxb4 h5 44. h4 Ke5 45. Rb6 Kf4 46. Rb4+ Ke5 47. g3 Kf6 48. Rb6+ Kf7 49. Ke2 Ra1 50. Rb7+ Kf6 51. Rb6+ Kf7 52. Ke3 Kg7 53. Kf4 Rf1 54. Kg5 Rxf2 55. Rxg6+ Kf7 56. Rf6+ Ke7 57. Rxf5 Rg2 58. Rf3 Rxb2 59. Kxh5 Rb6 60. g4 Rc6 61. g5 Rf6 62. Rxf6 1-0


[Site "https://www.chess.com"]

[Event "Titled Tuesday Blitz April 19 Early 2022"]
[White "Zhu, Jiner"]
[Black "Melikhov, Evgeny V."]
[WhiteFideId "8608059"]
[BlackFideId "4122046"]
[WhiteElo "2281"]
[BlackElo "1931"]
[Result "1-0"]
[Round "07"]
[TimeControl "180+1"]
[Date "2022.04.19"]
[WhiteClock "0:00:17"]
[BlackClock "0:00:13"]

1. e4 e5 2. Nf3 Nc6 3. Bb5 a6 4. Ba4 Nf6 5. O-O Nxe4 6. d4 b5 7. Bb3 d5 8. dxe5 Be6 9. Qe2 Be7 10. Rd1 O-O 11. c4 bxc4 12. Bxc4 Bc5 13. Be3 Bxe3 14. Qxe3 Qb8 15. Bb3 Na5 16. Nbd2 Qa7 17. Qxa7 Rxa7 18. Rac1 Rb7 19. Nd4 Nxd2 20. Rxd2 Nxb3 21. Nxb3 Rfb8 22. h3 h6 23. Rc5 d4 24. Rxd4 Bxb3 25. axb3 Rxb3 26. Rxc7 R8b7 27. Rd8+ Kh7 28. Rdd7 Rxc7 29. Rxc7 Kg6 30. Rc6+ f6 31. Rxa6 Rxb2 32. e6 Re2 33. g4 h5 34. Kg2 hxg4 35. hxg4 f5 36. Kf3 Re1 37. e7+ Kf7 38. g5 Rxe7 39. g6+ Ke8 40. Kf4 Re2 41. f3 Rf2 42. Ra7 Kf8 43. Rf7+ Kg8 44. Rxf5 Rf1 45. Rd5 Kf8 46. Rd7 Rf2 47. Rf7+ Kg8 48. Kg5 Rg2+ 49. Kf5 Rf2 50. f4 Rf1 51. Rd7 Kf8 52. Rd5 Ke7 53. Re5+ Kf8 54. Rb5 Ke7 55. Rb7+ Kf8 56. Rb8+ Ke7 57. Rg8 Rf2 58. Rxg7+ Kf8 59. Rf7+ Kg8 60. Rb7 Ra2 61. Kg5 Rg2+ 62. Kf6 Rb2 63. Rxb2 1-0


[Site "https://www.chess.com"]

[Event "Titled Tuesday Blitz April 19 Early 2022"]
[White "Zor, Alber Kadir"]
[Black "Nareks, Matic"]
[WhiteFideId "6353169"]
[BlackFideId "14629526"]
[WhiteElo "1966"]
[BlackElo "2147"]
[Result "1-0"]
[Round "07"]
[TimeControl "180+1"]
[Date "2022.04.19"]
[WhiteClock "0:00:29"]
[BlackClock "0:00:43"]

1. e4 g6 2. d4 d6 3. Nc3 Bg7 4. Nf3 a6 5. Be2 b5 6. O-O Bb7 7. Re1 b4 8. Nd5 e6 9. Nxb4 Bxe4 10. Ng5 Bb7 11. Bf3 d5 12. c4 Ne7 13. cxd5 Nxd5 14. Qa4+ Ke7 15. Nxd5+ Bxd5 16. b3 Bf8 17. Ba3+ Kf6 18. Bxd5 Qxd5 19. Re5 Qd8 20. Bb2 Bd6 21. Ree1 Kxg5 22. d5 e5 23. Bc1+ Kf6 24. Qh4+ g5 25. Bxg5+ Kg6 26. Bxd8 Nd7 27. Qg5# 1-0


[Site "https://www.chess.com"]

[Event "Titled Tuesday Blitz April 19 Early 2022"]
[White "Alekseenko, Kirill"]
[Black "Nazari, Arad"]
[WhiteFideId "4135539"]
[BlackFideId "12577324"]
[WhiteElo "2682"]
[BlackElo "2129"]
[Result "1-0"]
[Round "08"]
[TimeControl "180+1"]
[Date "2022.04.19"]
[WhiteClock "0:02:09"]
[BlackClock "0:00:25"]

1. e4 c5 2. Nf3 d6 3. d4 cxd4 4. Nxd4 Nf6 5. Nc3 a6 6. Be2 e5 7. Nb3 Be6 8. f4 exf4 9. Bxf4 Be7 10. O-O O-O 11. Qe1 Nbd7 12. Rd1 Qc7 13. Qg3 Ne5 14. Nd4 Ng6 15. Bc1 Rac8 16. a3 Rfd8 17. Kh1 Qc5 18. Nf5 Bf8 19. Nd4 Qe5 20. Qe1 Ng4 21. Nf3 Qc5 22. Ng5 N4e5 23. Qg3 Be7 24. Nxe6 fxe6 25. Qh3 Nf8 26. Be3 Qc6 27. Rf2 Neg6 28. Bd4 Bg5 29. Rdf1 e5 30. Be3 Bxe3 31. Qxe3 Nf4 32. Bg4 Rc7 33. g3 N4g6 34. Nd5 Qc5 35. Qf3 Rc6 36. Qf7+ Kh8 37. Qxf8+ 1-0


[Site "https://www.chess.com"]

[Event "Titled Tuesday Blitz April 19 Early 2022"]
[White "Alinasab, Mobina"]
[Black "Ocelak, Jakub"]
[WhiteFideId "12528897"]
[BlackFideId "23707933"]
[WhiteElo "2031"]
[BlackElo "2048"]
[Result "1-0"]
[Round "08"]
[TimeControl "180+1"]
[Date "2022.04.19"]
[WhiteClock "0:00:24"]
[BlackClock "0:00:05"]

1. e4 c6 2. d4 d5 3. exd5 cxd5 4. Bd3 Nc6 5. c3 Nf6 6. Ne2 g6 7. O-O Bg7 8. Re1 O-O 9. Nd2 Bf5 10. Nf3 Bxd3 11. Qxd3 e6 12. Bf4 Ne4 13. Qe3 Ne7 14. Ne5 Nf5 15. Qh3 Qh4 16. Qxh4 Nxh4 17. f3 Nf6 18. Bg5 Nf5 19. Bxf6 Bxf6 20. Nd7 Kg7 21. Nxf8 Kxf8 22. Nf4 b5 23. Nd3 a5 24. a4 Rb8 25. axb5 Rxb5 26. Ra4 Ne7 27. Rea1 Nc6 28. R1a2 Ke7 29. Nc5 Kd6 30. Nd3 Kc7 31. f4 Bd8 32. Ne5 Nxe5 33. fxe5 Kc6 34. Kf2 Rb3 35. Ke3 Bb6 36. Kd3 Rb5 37. b4 axb4 38. Rxb4 Rxb4 39. cxb4 Kb5 40. Kc3 Bd8 41. Ra7 f6 42. Rd7 1-0


[Site "https://www.chess.com"]

[Event "Titled Tuesday Blitz April 19 Early 2022"]
[White "Al-Tarboush, Ward"]
[Black "Rom, Jasper"]
[WhiteFideId "7601450"]
[BlackFideId "2023733"]
[WhiteElo "2276"]
[BlackElo "2233"]
[Result "1-0"]
[Round "08"]
[TimeControl "180+1"]
[Date "2022.04.19"]
[WhiteClock "0:02:10"]
[BlackClock "0:00:01"]

1. e4 e6 2. d4 d5 3. exd5 exd5 4. Bd3 Nc6 5. Nf3 Bg4 6. c3 Bd6 7. O-O Nge7 8. Nbd2 Qd7 9. Re1 O-O 10. Nf1 Ng6 11. Ne3 Be6 12. Ng5 Nf4 13. Bxh7+ Kh8 14. g3 Nh3+ 15. Nxh3 Kxh7 16. Qh5+ Kg8 17. Ng5 Bf5 18. Nxd5 Bxg3 19. hxg3 Qxd5 20. Bf4 Bg6 21. Qh4 f6 22. Ne6 Rfe8 23. Nxc7 Rxe1+ 24. Rxe1 Qd8 25. Nxa8 Qxa8 26. Qg4 Bf7 27. Qd7 Qf8 28. Bd6 1-0


[Site "https://www.chess.com"]

[Event "Titled Tuesday Blitz April 19 Early 2022"]
[White "Ambartsumova, Karina"]
[Black "Belenkaya, Dina"]
[WhiteFideId "4166299"]
[BlackFideId "24142654"]
[WhiteElo "2262"]
[BlackElo "2196"]
[Result "0-1"]
[Round "08"]
[TimeControl "180+1"]
[Date "2022.04.19"]
[WhiteClock "0:00:03"]
[BlackClock "0:00:08"]

1. c4 e5 2. Nc3 Nc6 3. Nf3 Nf6 4. a3 g6 5. g3 Bg7 6. Bg2 O-O 7. O-O d6 8. d3 Be6 9. Rb1 Qd7 10. Re1 Bh3 11. Bh1 Qg4 12. b4 Qh5 13. b5 Nd4 14. Nxd4 exd4 15. Nd5 Nxd5 16. Bxd5 Rab8 17. Bf3 Bg4 18. Bxg4 Qxg4 19. e4 Qh3 20. Qf3 f5 21. Qg2 Qh5 22. exf5 Qxf5 23. Qd5+ Qxd5 24. cxd5 Rf5 25. Re7 Rc8 26. Bf4 Rxd5 27. a4 Kf8 28. Rbe1 Rc5 29. Rd7 g5 30. Ree7 Bf6 31. Rxh7 gxf4 32. Rhf7+ Ke8 33. Kg2 Rd8 34. Rxd8+ Bxd8 35. Rh7 Be7 36. h4 fxg3 37. Kxg3 Rc3 38. h5 Rxd3+ 39. Kg4 Rd1 40. h6 Rg1+ 41. Kf5 d3 42. Rg7 Rf1 43. f4 Rh1 44. h7 Bf8 45. Rxc7 d2 46. Ke6 Re1+ 47. Kf6 d1=Q 48. Rc8+ Kd7 49. Rxf8 Qd4+ 50. Kf7 Qd5+ 51. Kg6 Rg1+ 52. Kh6 Rh1+ 53. Kg6 Qe4+ 54. Kg5 Rg1+ 55. Kf6 Qe6# 0-1


[Site "https://www.chess.com"]

[Event "Titled Tuesday Blitz April 19 Early 2022"]
[White "Andreikin, Dmitry"]
[Black "Nakamura, Hikaru"]
[WhiteFideId "4158814"]
[BlackFideId "2016192"]
[WhiteElo "2736"]
[BlackElo "2850"]
[Result "1-0"]
[Round "08"]
[TimeControl "180+1"]
[Date "2022.04.19"]
[WhiteClock "0:00:06"]
[BlackClock "0:00:03"]

1. d4 Nf6 2. c4 e6 3. Nf3 d5 4. g3 Be7 5. Bg2 O-O 6. O-O dxc4 7. Qc2 b5 8. a4 Bb7 9. axb5 a6 10. Nc3 axb5 11. Rxa8 Bxa8 12. Nxb5 Bd5 13. Bg5 h6 14. Bxf6 Bxf6 15. e4 Bb7 16. Rd1 Nd7 17. e5 Be7 18. Qxc4 Qa8 19. Ne1 c5 20. Nc7 Qc8 21. Nxe6 fxe6 22. Qxe6+ Rf7 23. Bh3 Bf8 24. Nd3 Qc7 25. Qg6 Bd5 26. Nf4 Rxf4 27. gxf4 cxd4 28. Rxd4 Qc1+ 29. Bf1 Bf7 30. Qd3 Nc5 31. Qc3 Qa1 32. Rd8 Ne6 33. Rxf8+ Nxf8 34. f5 Qd1 35. e6 Qg4+ 36. Qg3 Qxf5 37. exf7+ Qxf7 38. b4 Qd5 39. b5 Qc5 40. Qe3 Qd6 41. b6 Nd7 42. b7 Qg6+ 43. Qg3 Qb6 44. Qf3 Qc7 45. Qd5+ Kh8 46. Qxd7 Qxd7 47. b8=Q+ Kh7 48. Qg3 Kh8 49. h4 Qf5 50. Bh3 Qb1+ 51. Kh2 Qb2 52. Bf5 Qf6 53. Qb8+ 1-0


[Site "https://www.chess.com"]

[Event "Titled Tuesday Blitz April 19 Early 2022"]
[White "Antonio, Jorge Carlos"]
[Black "De Souza, Cristiano Gomes"]
[WhiteFideId "113190"]
[BlackFideId "2151758"]
[WhiteElo "2247"]
[BlackElo "2068"]
[Result "0-1"]
[Round "08"]
[TimeControl "180+1"]
[Date "2022.04.19"]
[WhiteClock "0:00:10"]
[BlackClock "0:01:32"]

1. d4 Nf6 2. Nf3 g6 3. c4 Bg7 4. Nc3 d6 5. e4 O-O 6. Be2 e5 7. O-O Nc6 8. d5 Ne7 9. Ne1 Nd7 10. Be3 f5 11. f3 f4 12. Bf2 h5 13. Rc1 Kh7 14. c5 g5 15. cxd6 cxd6 16. Nb5 Nb6 17. Nc7 Rb8 18. Ne6 Bxe6 19. dxe6 d5 20. exd5 Nbxd5 21. Bd3+ Kh6 22. Be4 b6 23. Nd3 Nf6 24. Qe2 Qd6 25. Rfd1 Qxe6 26. Nb4 Rbd8 27. Rxd8 Rxd8 28. h3 a5 29. Nc6 Rc8 30. Qb5 Nxe4 31. fxe4 Rxc6 32. Rd1 Ng6 33. h4 g4 34. Rd5 g3 35. Be1 Nxh4 36. Kf1 f3 37. Qd3 fxg2+ 38. Kg1 Qh3 39. Bd2+ Kh7 0-1


[Site "https://www.chess.com"]

[Event "Titled Tuesday Blitz April 19 Early 2022"]
[White "Ardila, Oscar Humberto"]
[Black "Le Ruyet, Leopold"]
[WhiteFideId "4404742"]
[BlackFideId "645923"]
[WhiteElo "1983"]
[BlackElo "2276"]
[Result "1/2-1/2"]
[Round "08"]
[TimeControl "180+1"]
[Date "2022.04.19"]
[WhiteClock "0:00:05"]
[BlackClock "0:00:03"]

1. d4 Nf6 2. c4 g6 3. Nc3 Bg7 4. e4 d6 5. Nf3 O-O 6. Be2 e5 7. d5 a5 8. O-O Na6 9. Bg5 h6 10. Bxf6 Bxf6 11. Qc2 Bg7 12. b3 f5 13. Nd2 Nc5 14. a3 c6 15. b4 axb4 16. axb4 Rxa1 17. Rxa1 Nxe4 18. Ndxe4 fxe4 19. Nxe4 cxd5 20. cxd5 Qb6 21. Qd2 Bf5 22. Bf3 g5 23. h3 Bxh3 24. gxh3 Rxf3 25. Kg2 Rb3 26. Ra8+ Bf8 27. Nf6+ Kg7 28. Nd7 Qxb4 29. Qxb4 Rxb4 30. Nxf8 Kf6 31. Ne6 Kf5 32. f3 e4 33. Rf8+ Ke5 34. fxe4 Kxe4 35. Rh8 Kxd5 36. Rxh6 b5 37. Nxg5 Rb2+ 38. Kg3 b4 39. Rh8 b3 40. Rb8 Kc4 41. h4 Re2 42. h5 Kc3 43. h6 Re7 44. Ne4+ Kc2 45. Nxd6 Rh7 46. Nf5 b2 47. Nd4+ Kc1 48. Rc8+ Kd1 49. Rb8 Kc1 50. Ne2+ Kc2 51. Nd4+ Kc1 1/2-1/2


[Site "https://www.chess.com"]

[Event "Titled Tuesday Blitz April 19 Early 2022"]
[White "Aroesti, Roee"]
[Black "Chernomordik, Pavel"]
[WhiteFideId "2817144"]
[BlackFideId "2804530"]
[WhiteElo "2068"]
[BlackElo "2220"]
[Result "1-0"]
[Round "08"]
[TimeControl "180+1"]
[Date "2022.04.19"]
[WhiteClock "0:00:05"]
[BlackClock "0:00:01"]

1. e4 g6 2. d4 Bg7 3. Nc3 d6 4. Nf3 a6 5. Be3 b5 6. Bd3 Bb7 7. a4 b4 8. Ne2 Nd7 9. Ng3 c5 10. c3 bxc3 11. bxc3 Qc7 12. O-O Ngf6 13. h3 O-O 14. Qd2 e5 15. Bh6 Rfe8 16. Rfe1 Bh8 17. Rad1 Bc6 18. Bc4 Nb6 19. Ba2 Bxa4 20. dxe5 dxe5 21. Qd6 Rac8 22. Qxc7 Rxc7 23. Rd6 Nfd7 24. Rb1 Bb5 25. Be3 Nc4 26. Bxc4 Bxc4 27. Nd2 Bb5 28. c4 Bc6 29. Ra1 Ra8 30. Nb3 Bb7 31. Na5 Bc8 32. Nc6 Bf6 33. Bh6 Bb7 34. Na5 Bc8 35. Nf1 Be7 36. Rd3 Nb6 37. Rad1 Be6 38. Ne3 Rd7 39. Nd5 Bxd5 40. exd5 f5 41. Rb3 Bd8 42. Nc6 Nxc4 43. Rc1 Na5 44. Nxa5 Bxa5 45. Rxc5 Bd8 46. f3 Kf7 47. Bd2 1-0


[Site "https://www.chess.com"]

[Event "Titled Tuesday Blitz April 19 Early 2022"]
[White "Avalos Parra, Joao"]
[Black "Samarth, J Rao"]
[WhiteFideId "3402541"]
[BlackFideId "46652370"]
[WhiteElo "2173"]
[BlackElo "1514"]
[Result "1-0"]
[Round "08"]
[TimeControl "180+1"]
[Date "2022.04.19"]
[WhiteClock "0:01:01"]
[BlackClock "0:01:27"]

1. d4 d5 2. Nc3 Nf6 3. Bg5 Nbd7 4. Qd3 e6 5. e4 dxe4 6. Nxe4 Be7 7. Bxf6 Nxf6 8. O-O-O Nd5 9. Nf3 a6 10. Ne5 O-O 11. h4 f5 12. Ng3 Bxh4 13. a3 Bg5+ 14. Kb1 g6 15. Be2 Nf4 16. Qf3 Nxe2 17. Qxe2 b6 18. Rh3 Bb7 19. Nxg6 hxg6 20. Qxe6+ Kg7 21. Rdh1 Rh8 22. Rxh8 Qxh8 23. Qd7+ Kf6 24. Rxh8 Rxh8 25. Qxc7 Bxg2 26. Qe5+ Kf7 27. Qxh8 Bf6 28. Qh7+ Bg7 29. Nxf5 gxf5 30. Qxf5+ Bf6 31. Qd7+ Be7 32. Qf5+ Bf6 33. Qh5+ Ke7 34. d5 Bf1 35. Qf5 Bd4 36. Qe4+ Be5 37. Qxe5+ 1-0


[Site "https://www.chess.com"]

[Event "Titled Tuesday Blitz April 19 Early 2022"]
[White "Avazkhonov, Alikhon"]
[Black "Yurovskykh, Oleksandr"]
[WhiteFideId "14208504"]
[BlackFideId "14134020"]
[WhiteElo "1739"]
[BlackElo "2292"]
[Result "0-1"]
[Round "08"]
[TimeControl "180+1"]
[Date "2022.04.19"]
[WhiteClock "0:00:01"]
[BlackClock "0:00:16"]

1. f4 d5 2. Nf3 Bg4 3. e3 Nd7 4. d4 e6 5. h3 Bf5 6. Bd3 Ngf6 7. O-O c5 8. c3 Bd6 9. Ne5 O-O 10. g4 Bxd3 11. Qxd3 Ne4 12. Nd2 c4 13. Nexc4 Nxd2 14. Nxd2 f5 15. g5 Qc7 16. Nf3 Rfc8 17. Bd2 Rab8 18. h4 b5 19. Ne5 Bxe5 20. fxe5 Nb6 21. b3 a6 22. h5 Qf7 23. Qe2 g6 24. Rf4 gxh5 25. Rh4 Qg6 26. Rxh5 Rb7 27. Kf2 Rg7 28. Rah1 Nd7 29. Rg1 Nf8 30. Rh6 Qe8 31. Qf3 Rcc7 32. Qh3 Rg6 33. Rxg6+ hxg6 34. Qg3 Rh7 35. Kg2 Qd8 36. Rh1 Rxh1 37. Kxh1 Qa5 38. Qe1 Qxa2 39. Qd1 Nh7 40. e4 dxe4 41. Kg1 Nf8 42. Bf4 Kf7 43. d5 Qa3 44. dxe6+ Nxe6 45. Qd7+ Qe7 0-1


[Site "https://www.chess.com"]

[Event "Titled Tuesday Blitz April 19 Early 2022"]
[White "Baches Garcia, Guillermo"]
[Black "Pourkashiyan, Atousa"]
[WhiteFideId "2209764"]
[BlackFideId "12502014"]
[WhiteElo "2492"]
[BlackElo "2247"]
[Result "1-0"]
[Round "08"]
[TimeControl "180+1"]
[Date "2022.04.19"]
[WhiteClock "0:01:18"]
[BlackClock "0:01:49"]

1. e4 c5 2. Nf3 e6 3. c4 a6 4. Nc3 Nc6 5. Be2 Qc7 6. O-O d6 7. a3 Nf6 8. b4 cxb4 9. axb4 Nxb4 10. d4 Be7 11. Qa4+ Nc6 12. d5 O-O 13. dxc6 bxc6 14. Be3 e5 15. Rfb1 Be6 16. Qa5 Qd7 17. Rd1 Bd8 18. Qa3 Ng4 19. Bc5 Bc7 20. h3 Nf6 21. Nxe5 Qe8 22. Bxd6 Bxd6 23. Qxd6 a5 24. Nxc6 a4 25. e5 Nd7 26. Rxa4 Rxa4 27. Nxa4 Kh8 28. c5 Qc8 29. Nb6 Nxb6 30. cxb6 Qb7 31. Qxf8# 1-0


[Site "https://www.chess.com"]